 Dungeon Crawl Stone Soup version 0.22.0-25-g7663229 (webtiles) character file.

29178 iamserjio the Cleaver (level 13, 0/87 HPs)
             Began as a Gargoyle Berserker on Aug 20, 2018.
             Was an Elder of Trog.
             Slain by a naga
             ... wielding a +4 battleaxe
              (10 damage)
             ... on level 2 of the Snake Pit.
             The game lasted 00:41:18 (5377 turns).

iamserjio the Cleaver (Gargoyle Berserker)          Turns: 5377, Time: 00:41:19

Health: 0/87       AC: 37    Str: 23    XL:     13   Next: 43%
Magic:  13/13      EV:  6    Int: 10    God:    Trog [****..]
Gold:   354        SH:  0    Dex: 16    Spells: 12/12 levels left

rFire    . . .     SeeInvis .   V - +0 broad axe
rCold    + . .     Gourm    .   (no shield)
rNeg     + . .     Faith    .   Q - +9 chain mail "Olatug" {Int+2 Dex+4}
rPois    ∞         Spirit   .   R - +1 helmet
rElec    +         Reflect  .   O - +1 cloak
rCorr    .         Harm     .   (no gloves)
MR       +....                  v - +0 pair of boots
Stlth    ..........             y - amulet of the acrobat
HPRegen  0.24/turn              p - ring of protection from magic
MPRegen  0.13/turn              P - ring of protection from cold

@: berserk cooldown, starving, slowed, constricted, very slow
A: negative energy resistance 1, electricity resistance, unbreathing,
petrification resistance, rot immunity, AC +9
a: Berserk, Trog's Hand, Brothers in Arms, Renounce Religion


You were on level 2 of the Snake Pit.
You worshipped Trog.
Trog was greatly pleased with you.
You were starving.

You visited 3 branches of the dungeon, and saw 17 of its levels.

You collected 498 gold pieces.
You spent 144 gold pieces at shops.

Inventory:

Hand Weapons
 a - a +0 hand axe
 r - a +0 trident of piercing
 w - a +1 whip of venom
 A - a +0 morningstar
 B - a +1 mace of protection
 L - a +0 war axe
 V - a +0 broad axe (weapon)
Missiles
 o - 8 silver tomahawks (quivered)
 x - a throwing net {!f}
Armour
 b - a +0 animal skin
 m - a +0 scale mail
 v - a +0 pair of boots (worn)
 K - a +0 plate armour
 M - a +0 troll leather armour
 O - a +1 cloak (worn)
 Q - the +9 chain mail "Olatug" (worn) {Int+2 Dex+4}
   (You found it on level 11 of the Dungeon)

   It affects your intelligence (+2).
   It affects your dexterity (+4).
 R - a +1 helmet (worn)
 S - a +0 pair of gloves
Jewellery
 p - a ring of protection from magic (left hand)
 y - an amulet of the acrobat (around neck)
 F - an uncursed ring of teleportation
 P - a ring of protection from cold (right hand)
 U - an uncursed ring of stealth
 W - an uncursed ring of attention
Wands
 h - a wand of iceblast (26)
 l - a wand of digging (28)
 t - a wand of scattershot (2)
 C - a wand of disintegration (8)
 H - a wand of polymorph (25)
 I - a wand of flame (28)
Scrolls
 f - 8 scrolls of teleportation
 g - 3 scrolls of magic mapping
 i - 3 scrolls of remove curse {@r2}
 j - a scroll of blinking
 k - a scroll of immolation
 s - a scroll of fear
 D - a scroll of vulnerability
 X - a scroll of enchant weapon {unknown}
Potions
 d - 2 potions of heal wounds
 e - 4 potions of lignification
 n - 4 potions of might
 q - 2 potions of haste
 u - a potion of degeneration
 z - 2 potions of curing {@q1}
 E - a potion of brilliance {unknown}
 G - 2 potions of flight {unknown}
 N - 4 potions of resistance {unknown}
 T - a potion of magic {unknown}
Comestibles
 c - 16 rations
 J - a chunk of flesh


   Skills:
 + Level 12.5 Fighting
 * Level 14.3 Axes
 + Level 12.3 Armour
 - Level 1.5 Dodging


You had 12 spell levels left.
You didn't know any spells.
Your spell library was empty.

Dungeon Overview and Level Annotations

Branches:
Dungeon (11/15)            Temple (0/1) D:6            Lair (3/6) D:8
  Snake (3/4) Lair:2
  Swamp: Lair:2-4    Shoals: Lair:2-4       Orc: D:9-12

Altars:
Dithmenos
Kikubaaqudgha
Makhleb
Ru
Uskayaw
Xom
The Shining One

Shops:
D:4 !   D:6 *?}*%   D:7 %


Innate Abilities, Weirdness & Mutations

You are resistant to torment.
Your stone body is resilient. (AC +9)
You are immune to poison.
You resist negative energy. (rN+)
You are resistant to electric shocks. (rElec)
You can survive without breathing.
You are immune to petrification.
You are immune to rotting.


Message History

* * * LOW HITPOINT WARNING * * *
The naga grabs you. The naga constricts you. The naga closely misses you.
The naga hits you but does no damage. x2
Your two-headed ogre goes berserk!
You are starving!
The naga hits you with an enchanted battleaxe.
* * * LOW HITPOINT WARNING * * *
* * * LOW HITPOINT WARNING * * *
The naga constricts you. The naga hits you but does no damage.
The naga barely misses you. The naga closely misses you.
The naga hits you but does no damage.
The naga hits you with an enchanted battleaxe!
* * * LOW HITPOINT WARNING * * *
The naga constricts you.
The naga's grasp on you weakens, but your attempt to escape fails.
The naga hits you but does no damage. x2
The naga hits you from afar with a trident.
* * * LOW HITPOINT WARNING * * *
The naga hits you with an enchanted battleaxe!
You die...

###### # ......#########
.. .............. ...
.............. ....
#....(..... .....########
###.........
......)N....###...........
......)NN@................
......)N.O................
.....######...............
..## ###....##....... .
##...##.......
######....... ##.....##
.##......## ..........#.


You could see 4 nagas and a friendly two-headed ogre (berserk).

Vanquished Creatures
  A nagaraja (Snake:2)
  A naga warrior (Snake:2)
  4 anacondas
  A hydra (Lair:2)
  A shock serpent (Snake:1)
  A naga sharpshooter (Snake:1)
  2 salamander mystics
  A swamp dragon (Snake:1)
  2 naga ritualists
  A mana viper (Snake:2)
  4 salamanders
  9 black mambas
  4 naga magi
  Maurice (D:10)
  2 spiny frogs
  2 komodo dragons
  2 rime drakes
  A troll (D:10)
  A polar bear (Lair:3)
  A meliai zombie (D:10)
  2 hippogriffs
  29 yaks
  9 nagas
  Menkaure (D:4)
  3 soldier ants (D:8)
  4 water moccasins
  3 orc warriors
  A hornet zombie (D:9)
  A black bear (D:11)
  2 phantoms (D:4)
  An ice beast (D:6)
  2 sky beasts
  3 ogres
  A centaur (D:10)
  2 crocodiles
  A wyvern zombie (D:9)
  5 bullfrogs
  13 killer bees
  4 wights (D:8)
  A howler monkey (D:7)
  7 crimson imps
  3 centaur zombies
  A quasit (D:6)
  8 hounds
  5 jellies
  14 orc wizards
  2 bullfrog skeletons
  An orc priest (D:10)
  A centaur skeleton (D:11)
  A gnoll shaman (D:5)
  An iguana (Lair:1)
  7 worker ants
  A hound skeleton (D:5)
  A worker ant zombie (D:9)
  2 howler monkey zombies (D:7)
  11 gnolls
  8 adders
  A shadow imp (D:5)
  An ooze (D:2)
  2 adder skeletons
  An adder zombie (D:9)
  2 worms
  A dart slug (D:2)
  6 leopard geckos
  33 orcs
  A ball python (D:2)
  4 bats
  6 giant cockroaches
  5 goblins
  4 hobgoblins
  19 jackals
  2 quokkas
  3 frilled lizards
  7 kobolds
  8 rats
  A fungus (Lair:2)
311 creatures vanquished.

Vanquished Creatures (collateral kills)
  An anaconda (Snake:1)
  A naga (Snake:1)
2 creatures vanquished.

Grand Total: 313 creatures vanquished

Notes
Turn   | Place    | Note
-------+----------+-------------------------------------------
     0 | D:1      | iamserjio the Gargoyle Berserker began the quest for the Orb.
     0 | D:1      | Reached XP level 1. HP: 14/14 MP: 1/1
   112 | D:1      | Reached XP level 2. HP: 11/19 MP: 2/2
   113 | D:1      | Reached skill level 3 in Axes
   181 | D:2      | Reached XP level 3. HP: 13/23 MP: 3/3
   243 | D:2      | Reached ** piety under Trog
   265 | D:2      | Found a shimmering altar of Xom.
   526 | D:3      | Reached XP level 4. HP: 22/29 MP: 4/4
   565 | D:3      | Found a faded altar of an unknown god.
   730 | D:4      | Noticed a sky beast
   743 | D:4      | Killed a sky beast
   743 | D:4      | Reached skill level 4 in Axes
   743 | D:4      | Reached XP level 5. HP: 34/34 MP: 5/5
   797 | D:4      | Found Verchoadu's Distillery.
   813 | D:4      | Bought a potion of curing for 30 gold pieces
   813 | D:4      | Bought a potion of heal wounds for 50 gold pieces
   833 | D:4      | Reached XP level 6. HP: 38/39 MP: 6/6
   861 | D:5      | Entered Level 5 of the Dungeon
   960 | D:4      | Reached skill level 5 in Axes
   961 | D:4      | Reached *** piety under Trog
   966 | D:4      | Reached skill level 5 in Fighting
  1038 | D:4      | Noticed Menkaure
  1038 | D:4      | Noticed a phantom
  1052 | D:4      | Killed Menkaure
  1052 | D:4      | Reached XP level 7. HP: 38/44 MP: 7/7
  1126 | D:4      | Reached skill level 6 in Axes
  1239 | D:5      | Reached skill level 5 in Armour
  1249 | D:5      | Reached XP level 8. HP: 38/51 MP: 8/8
  1313 | D:6      | Found Ibiet's Gadget Emporium.
  1346 | D:6      | Found Huisadai's Assorted Antiques.
  1359 | D:6      | Bought a scroll labeled PUCSOCAJUSK for 29 gold pieces
  1440 | D:6      | Reached skill level 7 in Axes
  1505 | D:5      | Found a sacrificial altar of Ru.
  1506 | D:5      | Found a glowing golden altar of the Shining One.
  1529 | D:5      | Found an ancient bone altar of Kikubaaqudgha.
  1590 | D:5      | Found a shadowy altar of Dithmenos.
  1648 | D:6      | Found Watecs's Assorted Antiques.
  1648 | D:6      | Found Qirphi Cua's Magic Scroll Shoppe.
  1690 | D:6      | Bought a scroll labeled BAMUZOAHENN for 35 gold pieces
  1719 | D:6      | Found a staircase to the Ecumenical Temple.
  1845 | D:7      | Found Zezxasum's Food Boutique.
  1891 | D:7      | Reached **** piety under Trog
  1891 | D:7      | Reached XP level 9. HP: 56/56 MP: 9/9
  1953 | D:7      | Reached skill level 8 in Axes
  2142 | D:6      | Found Uduwum's Food Emporium.
  2395 | D:8      | Reached skill level 9 in Axes
  2476 | D:9      | Found a glowing golden altar of the Shining One.
  2670 | D:9      | Reached XP level 10. HP: 64/64 MP: 10/10
  2751 | D:10     | Entered Level 10 of the Dungeon
  2808 | D:10     | Reached skill level 10 in Axes
  2982 | D:10     | Noticed Maurice
  2993 | D:10     | Killed Maurice
  3098 | D:11     | Reached XP level 11. HP: 64/71 MP: 11/11
  3192 | D:11     | Reached skill level 11 in Axes
  3355 | D:11     | Found a hide-covered altar of Uskayaw.
  3366 | D:11     | Got a brightly glowing chain mail
  3377 | D:11     | Identified the +9 chain mail "Olatug" {Int+2 Dex+4} (You found it on level 11 of the Dungeon)
  3743 | D:9      | Reached skill level 10 in Fighting
  3926 | D:8      | Found a staircase to the Lair.
  3932 | D:8      | Reached ***** piety under Trog
  3952 | Lair:1   | Entered Level 1 of the Lair of Beasts
  4067 | Lair:2   | Found a staircase to the Snake Pit.
  4165 | Lair:1   | Found a burning altar of Makhleb.
  4286 | Lair:2   | Reached skill level 10 in Armour
  4314 | Lair:3   | Noticed a six-headed hydra
  4337 | Lair:2   | Killed a six-headed hydra
  4355 | Lair:3   | Reached skill level 12 in Axes
  4453 | Lair:2   | Reached XP level 12. HP: 51/79 MP: 12/12
  4604 | Snake:1  | Entered Level 1 of the Snake Pit
  4640 | Snake:1  | Noticed an anaconda
  4658 | Snake:1  | Killed an anaconda
  4664 | Snake:1  | Noticed an anaconda
  4673 | Snake:1  | Killed an anaconda
  4716 | Snake:1  | Noticed a shock serpent
  4743 | Snake:1  | a shock serpent changed into a swamp dragon
  4807 | Snake:1  | Noticed an anaconda
  4812 | Snake:1  | Reached skill level 13 in Axes
  4824 | Snake:1  | Killed an anaconda
  4970 | Snake:1  | Noticed a shock serpent
  4973 | Snake:1  | a shock serpent changed into a death drake
  5000 | Snake:1  | Noticed a naga sharpshooter
  5012 | Snake:1  | Killed a naga sharpshooter
  5070 | Snake:1  | Noticed a shock serpent
  5094 | Snake:1  | Killed a shock serpent
  5137 | Snake:2  | Noticed a nagaraja
  5148 | Snake:2  | Killed a nagaraja
  5148 | Snake:2  | Reached XP level 13. HP: 86/86 MP: 13/13
  5260 | Snake:3  | Reached skill level 14 in Axes
  5294 | Snake:3  | Noticed a nagaraja
  5377 | Snake:2  | Slain by a naga

Skill      XL: |  1  2  3  4  5  6  7  8  9 10 11 12 13 |
---------------+----------------------------------------+-----
Axes           | 3 4 5 6 7 9 10 12 13 14 | 14.3
Armour         | 3 4 5 6 7 9 10 11 12 | 12.3
Fighting       | 4 5 6 8 9 10 12 | 12.5
Dodging        | |  1.5

Action                   |  1- 3 |  4- 6 |  7- 9 | 10-12 | 13-15 || total
-------------------------+-------+-------+-------+-------+-------++-------
Melee: Hand axe          |    78 |   154 |   284 |       |       ||   516
       Morningstar       |       |       |   220 |    12 |       ||   232
       War axe           |       |       |       |   550 |       ||   550
       Broad axe         |       |       |       |     8 |    75 ||    83
Invok: Berserk           |     2 |     3 |    10 |    14 |     2 ||    31
       Trog's Hand       |       |     2 |     9 |    15 |     3 ||    29
       Brothers in Arms  |       |       |       |     2 |     2 ||     4
Evoke: Wand              |       |       |     3 |     6 |     1 ||    10
  Use: Scroll            |       |       |     6 |    12 |       ||    18
       Potion            |       |       |       |     1 |     3 ||     4
  Eat: Chunk             |       |     5 |    13 |    15 |     3 ||    36
       Ration            |       |       |     2 |     4 |       ||     6
Armor: Animal skin       |    13 |       |       |       |       ||    13
       Scale mail        |    19 |   109 |   437 |       |       ||   565
       Plate armour      |       |       |       |   186 |       ||   186
       Chain mail        |       |       |       |   440 |   103 ||   543
Dodge: Dodged            |    60 |    85 |   385 |   400 |    53 ||   983
